 Dungeon Crawl Stone Soup version 0.23-a0-650-ga4d50d4d25 (webtiles) character file.

13 Chiseanne the Magician (level 2, 0/20 HPs)
             Began as a Gnoll Wanderer on Jan 5, 2019.
             Slain by a jackal (3 damage)
             ... on level 1 of the Dungeon.
             The game lasted 00:03:46 (940 turns).

Chiseanne the Magician (Gnoll Wanderer)              Turns: 940, Time: 00:03:46

Health: 0/20       AC:  7    Str: 14    XL:     2   Next: 37%
Magic:  10/10      EV: 11    Int: 15    God:
Gold:   41         SH:  0    Dex: 13    Spells: 15/15 levels left

rFire    . . .     SeeInvis .   a - +0 club
rCold    . . .     Gourm    .   (no shield)
rNeg     . . .     Faith    +   d - +2 ring mail {rPois}
rPois    +         Spirit   .   (no helmet)
rElec    .         Reflect  .   (no cloak)
rCorr    .         Harm     .   (no gloves)
MR       .....                  (no boots)
Stlth    +.........             b - amulet of faith
HPRegen  0.06/turn              (no ring)
MPRegen  0.12/turn              (no ring)

@: no status effects
A: distributed training, fangs 1, strong nose
a: no special abilities


You were on level 1 of the Dungeon.
You were not hungry.

You visited 1 branch of the dungeon, and saw 1 of its levels.

You collected 41 gold pieces.

Inventory:

Hand Weapons
 a - a +0 club (weapon)
 e - a +0 hunting sling
 w - a +2 blowgun
Missiles
 c - a curare-tipped needle
Armour
 d - a +2 ring mail of poison resistance (worn)
Jewellery
 b - an amulet of faith (around neck)
Comestibles
 f - a ration


   Skills:
 + Level 0.3 Fighting
 + Level 2.4 Short Blades
 + Level 0.3 Long Blades
 + Level 0.3 Axes
 + Level 0.3 Maces & Flails
 + Level 0.3 Polearms
 + Level 0.3 Staves
 + Level 0.3 Slings
 + Level 0.3 Bows
 + Level 0.3 Crossbows
 + Level 4.4 Throwing
 + Level 0.3 Armour
 + Level 2.4 Dodging
 + Level 2.2 Stealth
 + Level 0.3 Shields
 + Level 0.3 Unarmed Combat
 + Level 7.1 Spellcasting
 + Level 0.2 Conjurations
 + Level 3.7 Hexes
 + Level 0.2 Charms
 + Level 0.2 Summonings
 + Level 0.2 Necromancy
 + Level 0.2 Translocations
 + Level 0.2 Transmutations
 + Level 0.2 Fire Magic
 + Level 0.2 Ice Magic
 + Level 0.2 Air Magic
 + Level 0.2 Earth Magic
 + Level 0.2 Poison Magic
 + Level 0.4 Invocations
 + Level 0.3 Evocations


You had 15 spell levels left.
You didn't know any spells.
Your spell library contained the following spells:

 Spells                   Type           Power        Failure   Level  Hunger
 Shroud of Golubria       Chrm/Tloc      #.........   36%         2    None
 Swiftness                Chrm/Air       #.......     36%         2    None


Dungeon Overview and Level Annotations

Branches:
Dungeon (1/15)

Altars:


Innate Abilities, Weirdness & Mutations

Your experience applies equally to all skills.
You have very sharp teeth.
Your uncanny sense of smell can sniff out nearby items.


Message History

The jackal barely misses you.
You hit the jackal.
The jackal is moderately wounded.
The jackal bites you but does no damage. x2
You barely miss the jackal.
The jackal is moderately wounded.
The jackal bites you but does no damage.
The jackal bites you.
* * * LOW HITPOINT WARNING * * *
You hit the jackal but do no damage. Your bite misses the jackal.
The jackal is moderately wounded.
The jackal bites you but does no damage.
You completely miss the jackal.
The jackal is moderately wounded.
The jackal bites you but does no damage.
The jackal barely misses you.
You completely miss the jackal.
The jackal is moderately wounded.
The jackal bites you.
You die...

#.# ...... .# #.# #.#..##.#
####.# #.....$.# .#.#.#
#.≈..≈..# .#.#.# #..≈....#
.#.#.# ####h...≈≈.# .#.#.#
#..........# .#.#.#
.###########.#.# ...#.#
........@h...#.#
####.###############.#.# ##
.......................###....
####.###############.#........
####.### #.#.###.##. .......#
#.#.# .......# #.#.# .......#
#.#.# .......# #.#.#


You could see a jackal.

Vanquished Creatures
  A leopard gecko (D:1)
  2 giant cockroaches (D:1)
  A goblin (D:1)
  A hobgoblin (D:1)
  A jackal (D:1)
  4 bats (D:1)
  A kobold (D:1)
11 creatures vanquished.

Notes
Turn   | Place    | Note
-------+----------+-------------------------------------------
     0 | D:1      | Chiseanne the Gnoll Wanderer began the quest for the Orb.
     0 | D:1      | Chiseanne set off with the following items: 2 curare-tipped
                  | needles, a +2 blowgun, a +0 robe, a ration; and the
                  | following spells available to memorise: Shroud of Golubria,
                  | Swiftness
     0 | D:1      | Reached XP level 1. HP: 13/13 MP: 8/8
   721 | D:1      | Reached XP level 2. HP: 18/19 MP: 10/10
   940 | D:1      | Slain by a jackal

Vault maps used:
D:1:      ebering_hopf_link, chequers_serial_rivers_micro_c,
          minmay_misc_feat_roman

Action                   || total
-------------------------++-------
Melee: Club              ||    73
       Unarmed           ||     4
       Bite              ||     9
 Fire: Blowgun           ||     2
Armor: Robe              ||     8
       Leather armour    ||     4
       Ring mail         ||    29
Dodge: Dodged            ||    47

Table legend:
 A = Non-vault XP
 B = Vault XP
 C = Vault XP percentage of total XP
 D = Non-vault monster count
 E = Vault monster count
 F = Vault count percentage of total count
                 A         B        C        D         E       F
            +---------+---------+-------+---------+---------+-------
      Total |      19 |       0 |   0.0 |      11 |       0 |   0.0
            +---------+---------+-------+---------+---------+-------
        D:1 |      19 |       0 |   0.0 |      11 |       0 |   0.0
            +---------+---------+-------+---------+---------+-------
